 Dungeon Crawl Stone Soup version 0.29-a0-322-g68df515428 (webtiles) character file.

Game seed: 16212174010726358917

0 jt the Sneak (level 1, -1/20 HPs)
             Began as a Deep Dwarf Delver on Apr 8, 2022.
             Slain by a howler monkey (4 damage)
             ... on level 4 of the Dungeon.
             The game lasted 00:00:40 (95 turns).

jt the Sneak (Deep Dwarf Delver)                      Turns: 95, Time: 00:00:41

Health: -1/20      AC:  3    Str: 15    XL:     1   Next: 8%
Magic:  0/0        EV: 12    Int: 10    God:
Gold:   0          SH:  0    Dex: 14    Spells: 0/0 levels left

rFire   . . .      SeeInvis .   a - +0 hand axe
rCold   . . .      Faith    .   (no shield)
rNeg    . . .      Spirit   .   b - +0 leather armour
rPois   .          Reflect  .   (no helmet)
rElec   .          Harm     .   (no cloak)
rCorr   .          Rampage  .   (no gloves)
Will    .....                   (no boots)
Stlth   +++.......              (no amulet)
HPRegen 0.00/turn               (no ring)
MPRegen 0.07/turn               (no ring)

@: no status effects
A: damage resistance, heal wounds, sense surroundings 1, no regeneration
a: Heal Wounds


You were on level 4 of the Dungeon.
You visited 1 branch of the dungeon, and saw 2 of its levels.

Inventory:

Hand Weapons
 a - a +0 hand axe (weapon)
Missiles
 i - 2 poisoned darts (quivered)
Armour
 b - a +0 leather armour (worn)
Wands
 g - a wand of digging (3)
Scrolls
 c - 2 scrolls of fog
 d - a scroll of magic mapping
 e - 2 scrolls of fear
 h - a scroll of blinking {unknown}
Potions
 f - a potion of haste


   Skills:
 - Level 2.6 Fighting
 + Level 2.2 Axes
 - Level 2.1 Dodging
 - Level 6.0 Stealth


You couldn't memorise any spells.
You didn't know any spells.
Your spell library was empty.

Dungeon Overview and Level Annotations

Branches:
Dungeon (5/15)
 Temple: D:4-7

Altars:


Innate Abilities, Weirdness & Mutations

You are resistant to damage.
You can heal yourself by infusing magical energy.
You passively map a small area around you.
You do not regenerate.


Message History

You feel much better. The howler monkey hits you.
The howler monkey hoots and howls with incredible vigour!
You hit the howler monkey but do no damage.
The howler monkey closely misses you.
You slash the howler monkey!
The howler monkey is moderately wounded.
The howler monkey misses you.
You closely miss the howler monkey.
The howler monkey is moderately wounded.
The howler monkey completely misses you.
The howler monkey hits you.
You hit the howler monkey.
The howler monkey is heavily wounded.
The howler monkey barely misses you.
You hit the howler monkey but do no damage.
The howler monkey is heavily wounded.
The howler monkey completely misses you.
The howler monkey hoots and howls with incredible vigour!
You closely miss the howler monkey.
The howler monkey is heavily wounded.
The howler monkey misses you.
You hit the howler monkey.
The howler monkey is heavily wounded.
The howler monkey closely misses you.
You hit the howler monkey.
The howler monkey is severely wounded.
The howler monkey hits you. x2
* * * LOW HITPOINT WARNING * * *
You hit the howler monkey.
The howler monkey is almost dead.
The howler monkey hits you but does no damage.
You hit the howler monkey.
The howler monkey is almost dead.
The howler monkey misses you. The howler monkey hits you.
* * * LOW HITPOINT WARNING * * *
You closely miss the howler monkey.
You punch the howler monkey, but do no damage.
The howler monkey is almost dead.
The howler monkey hits you.
You die...

* * ,* , , * , , * , ###
, # * #.#####+##.. , ,
####...#......#* *
#######..#...#......# ,
#............@h.....# , <
#........#####......#
#......).# , ......# *
#....##..# .#.......
###..##..##..#.......
..####..##......#.[.....
*
....#...........#.......
, ,
...#...........#.......,,
,,..+...........#,, , ,


You could see a howler monkey.

Vanquished Creatures
  A kobold (D:4)
1 creature vanquished.

Notes
Turn   | Place    | Note
-------+----------+-------------------------------------------
     0 | D:5      | jt the Deep Dwarf Delver began the quest for the Orb.
     0 | D:5      | Reached XP level 1. HP: 20/20 MP: 1/1
    24 | D:5      | Noticed an iguana
    82 | D:4      | Noticed a howler monkey
    95 | D:4      | Slain by a howler monkey

Illustrated notes

Levels and vault maps discovered:
D:4:      minmay_clustersquares, layout_gridville, uniq_crazy_yiuf_cottage,
          uniq_natasha, uniq_sigmund, uniq_blork_the_orc, uniq_edmund
D:5:      layout_loops_ring, uniq_ijyb

Action                   || total
-------------------------++-------
Melee: Hand axe          ||    17
       Punch             ||     1
 Abil: Heal Wounds       ||     1
Armor: Leather armour    ||     1
Dodge: Dodged            ||    10

Table legend: (Time is in decaauts)
 A = Elapsed time spent in this place.
 B = Non-inter-level travel time spent in this place.
 C = Inter-level travel time spent in this place.
 D = Time resting spent in this place.
 E = Time spent auto-exploring this place.
 F = Levels seen in this place.
 G = Mean time per level.
                   A        B        C        D        E       F      G
               +--------+--------+--------+--------+--------+-----+--------+
         Total |     97 |     97 |      0 |      0 |      0 |   2 |   48.5 |
       Dungeon |     97 |     97 |      0 |      0 |      0 |   2 |   48.5 |
               +--------+--------+--------+--------+--------+-----+--------+

Top non-repeatable levels by time:
     D:5: 50 daAuts
     D:4: 47 daAuts
